 Dungeon Crawl Stone Soup version 0.30.1-11-g7821555f0a (webtiles) character file.

Game seed: 3510909170627812789

1990 ChrisAssaf the Charlatan (level 9, -7/78 HPs)
             Began as a Naga Artificer on Dec 3, 2023.
             Was a Believer of Nemelex Xobeh.
             Mangled by a vampire
             ... wielding a +2 vampiric halberd
              (17 damage)
             ... in a bailey.
             The game lasted 00:37:58 (8084 turns).

ChrisAssaf the Charlatan (Naga Artificer)           Turns: 8084, Time: 00:37:59

Health: -7/78      AC:  6    Str: 19    XL:     9   Next: 21%
Magic:  0/10       EV: 16    Int: 16    God:    Nemelex Xobeh [**....]
Gold:   222        SH:  0    Dex: 13    Spells: 8/8 levels left

rFire   . . .        g - +1 trident
rCold   . . .        (no shield)
rNeg    . . .        j - +2 robe {Will+}
rPois   +            (no helmet)
rElec   .            (no cloak)
rCorr   .            (no gloves)
SInv    +            (no barding)
Will    ++...        f - amulet of Widar {Spirit rPois Str+4 Dex+2}
Stlth   +++          l - +5 ring of evasion
HPRegen 0.33/turn    (no ring)
MPRegen 0.12/turn

%: guardian spirit
@: very slow
A: AC +3, large, see invisible, deformed body, poison resistance, slowness 2,
spit poison 1, naga tail 1
a: Spit Poison, Renounce Religion, Draw Escape, Draw Destruction, Draw Summoning


You were in a bailey.
You worshipped Nemelex Xobeh.
Nemelex Xobeh was pleased with you.
You visited 1 branch of the dungeon, and saw 7 of its levels.
You also visited: Sewer and Bailey.

You collected 222 gold pieces.

Inventory:

Hand Weapons
 g - a +1 trident (weapon)
 q - a +0 vampiric halberd
Missiles
 a - 9 poisoned darts
 p - 7 boomerangs (quivered)
Armour
 b - a +1 leather armour
 j - a +2 robe of willpower (worn)
 n - a +2 chain mail of willpower
 r - the +0 buckler of Privacy {*Slow Str+8 Int-3 SInv}
   (You found it in a bailey)

   Str:       It affects your strength (+8).
   Int:       It affects your intelligence (-3).
   SInv:      It lets you see invisible.
   *Slow:     It may slow you when you take damage.
Jewellery
 f - the amulet of Widar (around neck) {Spirit rPois Str+4 Dex+2}
   (You found it in a bailey)

   [amulet of guardian spirit]

   It causes incoming damage to be divided between your reserves of health and
   magic.
   Str:       It affects your strength (+4).
   Dex:       It affects your dexterity (+2).
   rPois:     It protects you from poison.
 l - a +5 ring of evasion (left hand)
 o - an amulet of guardian spirit
Wands
 d - a wand of charming (4)
Scrolls
 h - a scroll of fog
 m - a scroll of noise
Potions
 c - 2 potions of resistance
 e - a potion of brilliance
 i - a potion of heal wounds {unknown}
 k - a potion of cancellation {unknown}


   Skills:
 * Level 3.8 Fighting
 * Level 3.8 Polearms
 * Level 4.1 Throwing
 * Level 3.7 Armour
 * Level 4.1 Dodging
 * Level 5.3 Stealth
 + Level 0.3 Unarmed Combat
 * Level 0.4 Spellcasting
 * Level 2.3 Invocations
 * Level 5.4 Evocations


You had 8 spell levels left.
You didn't know any spells.
Your spell library contained the following spells:

 Spells                   Type           Power      Damage    Failure   Level
 Summon Forest            Summ/Tloc      0%         N/A       100%        5
 Eringya's Noxious Bog    Tmut/Pois      0%         N/A       100%        6
 Summon Hydra             Summ           0%         N/A       100%        7


Dungeon Overview and Level Annotations

Branches:
Dungeon (7/15)             Temple (0/1) D:4           Sewer (visited)
 Bailey (1/1)

Altars:
Ashenzari
Hepliaklqana
Nemelex Xobeh
Ru
Wu Jian
The Shining One


Innate Abilities, Weirdness & Mutations

Your serpentine skin is tough. (AC +3)
You have supernaturally acute eyesight. (SInv)
Armour fits poorly on your strangely shaped body.
Your system is resistant to poisons. (rPois)
You cover ground very slowly.
You can spit poison.
You have a snake-like lower body.


Message History

The vampire hits you but does no damage.
The vampire hits you from afar with a +2 vampiric halberd.
There is a large open door, spattered with blood here.
The vampire gestures wildly while chanting.
The vampire flickers and vanishes for a moment.
The vampire barely misses you.
You see here a metallic dark potion.
k - a metallic dark potion The vampire closely misses you.
The vampire misses you.
You see here 2 javelins.
The vampire hits you from afar with a +2 vampiric halberd!
You see here a sedimented purple potion.
The vampire barely misses you. The vampire closely misses you.
You see here the +0 buckler of Privacy {*Slow Str+8 Int-3 SInv}.
r - the +0 buckler of Privacy {*Slow Str+8 Int-3 SInv} The vampire closely misses you.
The vampire barely misses you. The vampire closely misses you.
The vampire closely misses you.
There is a large open door, spattered with blood here.
The vampire barely misses you.
The vampire hits you from afar with a +2 vampiric halberd!!
* * * LOW HITPOINT WARNING * * *
The vampire misses you.
The vampire hits you from afar with a +2 vampiric halberd!!
* * * LOW HITPOINT WARNING * * *
The vampire gestures wildly while chanting.
The vampire flickers and vanishes for a moment.
The vampire completely misses you.
You see here a +0 halberd.
There is a large open door here.
The vampire misses you.
There is an open door, spattered with blood here.
The vampire closely misses you.
There is an open door, spattered with blood here.
You see here a +0 spear.
The vampire hits you from afar with a +2 vampiric halberd!!
You die...
Your body disappears without a glow.

#...)'....####.......#
#....####...#........#
#....#..#...........###
♣♣#'##'#))#...........#..
♣♣....#....#....♣...♣..#÷÷
♣.....#..).#....♣♣.♣♣..#.÷
♣..8..#V####.)...♣.♣..##)#
♣...8.#...)...........#..#
♣♣....#..@............)).#
♣....##.....♣♣♣......####
♣.....#................#
♣♣....#......♣......)..#
♣....##....))..#..#...#
♣♣.8...#'#####'##..#)..#
♣..8...#)).....##..#...#
≈....Z.#.......##..#...#
≈≈.....#'########..#...#


You could see a vampire (invisible).

Vanquished Creatures
  A gargoyle (Bailey)
  A swamp drake (Sewer)
  A gnoll sergeant (D:4)
  A scorpion (D:4)
  9 vampire bats (Bailey)
  2 wolf zombies (Bailey)
  2 hounds
  2 iguanas
  2 gnolls (D:4)
  10 adders
  2 dart slugs
  2 worms (D:2)
  9 orcs
  7 ball pythons
  20 endoplasms
  6 giant cockroaches
  12 goblins
  15 hobgoblins
  4 jackals
  7 quokkas
  7 bats
  5 frilled lizards
  11 kobolds
  20 orc zombies (Bailey)
  12 rats
170 creatures vanquished.

Vanquished Creatures (collateral kills)
  An ice beast (D:5)
  A phantom (D:5)
  4 wolf zombies (Bailey)
  3 hounds
  An iguana (D:5)
  A gnoll (D:4)
  An adder (D:5)
  An orc zombie (Bailey)
  An ufetubus (D:5)
  A dart slug (D:5)
  2 endoplasms (Sewer)
  4 giant cockroaches
  4 jackals (D:5)
  A kobold (D:3)
  A ball python (Sewer)
  A frilled lizard (Sewer)
28 creatures vanquished.

Vanquished Creatures (others)
  2 adders (D:3)
  A river rat (Sewer)
  A giant cockroach (D:5)
  A jackal (D:3)
  A quokka (D:5)
6 creatures vanquished.

Grand Total: 204 creatures vanquished

Notes
Turn   | Place    | Note
-------+----------+-------------------------------------------
     0 | D:1      | ChrisAssaf the Naga Artificer began the quest for the Orb.
     0 | D:1      | Reached XP level 1. HP: 18/18 MP: 1/1
    95 | D:1      | Reached XP level 2. HP: 10/25 MP: 2/2
   169 | D:1      | Reached skill level 1 in Dodging
   558 | D:2      | Reached XP level 3. HP: 31/31 MP: 3/3
   771 | D:3      | Reached XP level 4. HP: 38/38 MP: 4/4
   780 | D:3      | Found a sparkling altar of Nemelex Xobeh.
   784 | D:3      | Became a worshipper of Nemelex Xobeh the Trickster
   988 | D:4      | Found a hazy altar of Hepliaklqana.
   988 | D:4      | Found a glowing golden altar of the Shining One.
  1025 | D:4      | Reached skill level 1 in Throwing
  1031 | D:4      | Reached XP level 5. HP: 4/45 MP: 5/5
  1147 | D:4      | Found a sacrificial altar of Ru.
  1216 | D:5      | Entered Level 5 of the Dungeon
  1239 | D:5      | Reached * piety under Nemelex Xobeh
  1310 | D:5      | Found a glowing drain.
  1319 | Sewer    | Entered a sewer
  1687 | Sewer    | Received a gift from Nemelex Xobeh
  1770 | Sewer    | a jelly changed into a swamp drake
  1770 | Sewer    | Noticed a swamp drake
  1786 | Sewer    | Killed a swamp drake
  1787 | Sewer    | Reached XP level 6. HP: 28/52 MP: 6/6
  1894 | Sewer    | Found a viscous altar of Jiyva.
  2104 | D:5      | Noticed an ice beast
  2105 | D:5      | Reached XP level 7. HP: 60/60 MP: 7/7
  2539 | D:5      | Found an ornate altar of the Wu Jian Council.
  2571 | D:5      | Found a broken altar of Ashenzari.
  3102 | D:4      | Reached skill level 5 in Evocations
  3270 | D:4      | Reached XP level 8. HP: 68/68 MP: 8/8
  3316 | D:4      | Found a staircase to the Ecumenical Temple.
  3545 | D:4      | Reached skill level 1 in Invocations
  3601 | D:4      | Received a gift from Nemelex Xobeh
  4437 | D:2      | Identified the +1 pair of boots of Midsummer {rC+ Will++
                  | rCorr}
  4522 | D:2      | Found a faded altar of an unknown god.
  4833 | D:2      | Reached ** piety under Nemelex Xobeh
  5234 | D:1      | You fall into a shaft and drop 1 floor!
  5482 | D:1      | Received a gift from Nemelex Xobeh
  5955 | D:7      | Reached skill level 1 in Polearms
  5961 | D:7      | Found a flagged portal.
  5979 | Bailey   | Entered a bailey
  6415 | Bailey   | Identified the -2 quarterstaff of Neurosis {vamp, Int+3}
  6995 | Bailey   | Reached skill level 5 in Stealth
  7008 | Bailey   | Reached XP level 9. HP: 33/76 MP: 10/10
  7361 | Bailey   | Noticed a gargoyle
  7387 | Bailey   | HP: 3/114 [gargoyle/+0 flail (7)]
  7390 | Bailey   | Killed a gargoyle
  7779 | Bailey   | Identified the amulet of Widar {Spirit rPois Str+4 Dex+2}
  8053 | Bailey   | Identified the +0 buckler of Privacy {*Slow Str+8 Int-3
                  | SInv}
  8069 | Bailey   | HP: 3/78 [vampire/+2 vampiric halberd (19)]
  8084 | Bailey   | Mangled by a vampire

Illustrated notes

Levels and vault maps discovered:
D:1:      minmay_arrival_glassed_features, layout_loops_ring,
          roderic_filled_cross, hangedman_decor_riveting, st_stairs_1
D:2:      minmay_wonky_spiral, layout_loops_corners,
          chequers_ecumenical_altar_simple, grunt_ministairs_14
D:3:      layout_basic, nemelex_dance_club_becter, chequers_jeans
D:4:      cheibrodos_barr_body, layout_basic, nicolae_overflow_two_pavilions,
          nicolae_ru_awakened_eye, minmay_temple_entry_trees
D:5:      layout_rooms, marbit_many_paths, general_overflow_altar,
          gup_sewer_entry_pipe, minmay_misc_feat_five
D:6:      layout_basic, mainiacjoe_overflow_catwalk
D:7:      layout_loops_ring, enter_bailey_6
Bailey:   bailey_polearm_vampire_castle_hellmonk, bailey

Skill      XL: |  1  2  3  4  5  6  7  8  9 |
---------------+----------------------------+-----
Dodging        | 1 2 3 4 |  4.1
Stealth        | 2 3 4 5 |  5.3
Armour         | 2 3 |  3.7
Evocations     | 4 5 |  5.4
Throwing       | 1 2 3 4 |  4.1
Fighting       | 2 3 |  3.8
Invocations    | 2 |  2.3
Polearms       | 3 |  3.8
Unarmed Combat | |  0.3
Spellcasting   | |  0.4

Action                     |  1- 3 |  4- 6 |  7- 9 || total
---------------------------+-------+-------+-------++-------
  Melee: Unarmed           |     3 |    11 |       ||    14
         Trident           |       |       |   313 ||   313
         Punch             |       |       |     4 ||     4
  Throw: Javelin           |    21 |    18 |     7 ||    46
         Dart              |       |    23 |    42 ||    65
         Boomerang         |       |       |     5 ||     5
 Invoke: Draw Destruction  |       |     8 |    10 ||    18
         Draw Escape       |       |     2 |     1 ||     3
         Draw Summoning    |       |     2 |     2 ||     4
Ability: Spit Poison       |    23 |    49 |    60 ||   132
  Evoke: Wand              |    12 |    16 |     9 ||    37
    Use: Scroll            |     1 |     6 |     9 ||    16
         Potion            |       |     4 |     7 ||    11
   Stab: Sleeping          |       |       |     1 ||     1
 Armour: Leather armour    |    10 |    74 |   196 ||   280
         Skin              |       |     3 |     5 ||     8
         Robe              |       |       |     7 ||     7
  Dodge: Dodged            |    17 |   100 |   597 ||   714
